 Dungeon Crawl Stone Soup version 0.14.0-24-gfb45beb (console) character file.

55 Rage the Scratcher (level 2, -1/13 HPs)
             Began as a Felid Death Knight on Apr 22, 2014.
             Was a Follower of Yredelemnul.
             Slain by an orc
             ... wielding a +0,+0 flail
              (8 damage)
             ... on Level 3 of the Dungeon.
             The game lasted 00:03:58 (622 turns).

Rage the Scratcher (Felid Death Knight)              Turns: 622, Time: 00:03:58

HP  -1/13        AC  1     Str  9      XL: 2   Next: 41%
MP   1/3         EV 17     Int 12      God: Yredelemnul [*.....]
Gold 39          SH  0     Dex 15      Spells:  0 memorised,  1 level left
Lives: 0, deaths: 0

rFire  . . .     SeeInvis +       - Unarmed
rCold  . . .     Clarity  .     (armour unavailable)
rNeg   . . .     Conserve .     (shield unavailable)
rPois  .         rCorr    .     (helmet unavailable)
rElec  .         rRot     .     (cloak unavailable)
SustAb . .       Spirit   .     (gloves unavailable)
rMut   .         Warding  .     (boots unavailable)
Saprov . . .     Stasis   .     (no amulet)
MR     .....                    (no ring)
                                (no ring)

@: quick, not resistant to hostile enchantments, fairly stealthy
A: paw claws, no armour, no weapons or thrown items, fangs 3, see invisible,
carnivore 3, speed 1, shaggy fur 1, slow metabolism 1, jump 1
a: Jump Attack, Animate Remains, Renounce Religion


You were on level 3 of the Dungeon.
You worshipped Yredelemnul.
Yredelemnul was aware of your devotion.
You were full.

You visited 1 branch of the dungeon, and saw 3 of its levels.

You collected 39 gold pieces.

Inventory:

Magical devices
 b - a wand of hasting (2)
Comestibles
 c - 2 meat rations
Scrolls
 a - 2 scrolls of enchant armour {unknown}
 g - a scroll of fog {unknown}
Jewellery
 e - an uncursed ring of sustain abilities {unknown}
Potions
 d - 2 potions of porridge
 h - 2 potions of curing


   Skills:
 - Level 2.0 Fighting
 - Level 2.1 Dodging
 + Level 3.1 Unarmed Combat
 - Level 2.6 Invocations


You had one spell level left.
You didn't know any spells.

Dungeon Overview and Level Annotations

Branches:
Dungeon (3/15)

Altars:

Annotations:
D:3 Grinder


Innate Abilities, Weirdness & Mutations

You cannot wear armour.
You are incapable of wielding weapons or throwing items.
Your paws have sharp claws.
You have razor-sharp teeth.
You have supernaturally acute eyesight.
You are carnivorous and can eat meat at any time.
You cover ground quickly.
You are covered in fur (AC +1).
You have a slow metabolism.
You can jump attack at a short distance.


Message History

Your jackal zombie is destroyed!
You closely miss the orc.
The orc is moderately wounded.
The orc closely misses you.
You scratch the orc.
You kill the orc!
Yredelemnul accepts your kill.
There is an open door here.
Drop what? (_ for help) (? for menu, Esc to quit)
You drop a jackal corpse.
Use which ability? (? or * to list)
You attempt to give life to the dead...
The dead are walking!
You feel somewhat less full. The orc closely misses you.
You swap places.
The orc hits your jackal zombie with a flail!
Your jackal zombie is destroyed!
You closely miss the orc. The orc hits you with a flail!
Ouch! That really hurt!
You die...
Your body rises from the dead as a mindless zombie.

..$.. ...
#)## #..##
##..# ##.#
#####'#####
#....o....#
#....@....#
+.........#
#.........#
#.........#
#.........#
#.........#
#.........#
####...####
#####.####


You could see an orc.

Vanquished Creatures
  An orc (D:3)
  A giant cockroach (D:2)
  A hobgoblin (D:2)
  3 jackals (D:3)
  3 quokkas
  2 bats (D:2)
  A goblin (D:3)
  A kobold (D:2)
  A rat (D:3)
14 creatures vanquished.

Vanquished Creatures (others)
  A goblin zombie (D:3)
  A hobgoblin zombie (D:2)
  2 jackal zombies (D:3)
  A quokka zombie (D:3)
5 creatures vanquished.

Grand Total: 19 creatures vanquished

Notes
Turn   | Place    | Note
--------------------------------------------------------------
     0 | D:1      | Rage, the Felid Death Knight, began the quest for the Orb.
     0 | D:1      | Reached XP level 1. HP: 9/9 MP: 2/2
   256 | D:3      | Noticed Grinder
   382 | D:2      | Reached XP level 2. HP: 8/13 MP: 3/3
   569 | D:3      | Reached skill level 3 in Unarmed Combat
   622 | D:3      | Slain by an orc

Action                   || total
-------------------------++-------
Melee: Unarmed           ||    63
Invok: Animate Remains   ||     6
Evoke: Wand              ||     1
  Use: Potion            ||     2
